 Dungeon Crawl Stone Soup version 0.28.0-43-g3370ac3207 (webtiles) character file.

Game seed: 4292792443761984381

758 Gatito the Cudgeller (level 7, -1/51 (61) HPs)
             Began as a Minotaur Berserker on Mar 29, 2022.
             Was a Believer of Trog.
             Slain by a wight
             ... wielding a +0 war axe
              (4 damage)
             ... on level 5 of the Dungeon.
             The game lasted 00:28:26 (5646 turns).

Gatito the Cudgeller (Minotaur Berserker)           Turns: 5646, Time: 00:28:27

HP:   -1/51 (61)    AC: 10    Str: 21    XL:     7   Next: 50%
MP:   6/6           EV:  9    Int:  4    God:    Trog [**....]
Gold: 253           SH:  0    Dex: 10    Spells: 6/6 levels left

rFire   . . .      SeeInvis .   u - +0 flail (holy)
rCold   . . .      Faith    .   (no shield)
rNeg    . . .      Spirit   .   m - +1 chain mail
rPois   .          Reflect  .   (helmet restricted)
rElec   .          Harm     .   (no cloak)
rCorr   .          Rampage  .   (no gloves)
Will    .....                   (no boots)
Stlth   ..........              (no amulet)
HPRegen 0.17/turn               (no ring)
MPRegen 0.10/turn               (no ring)

@: confused, ambrosia-drunk, on berserk cooldown, heavily drained
A: horns 2, retaliatory headbutt, weak 1
a: Renounce Religion, Berserk, Trog's Hand


You were on level 5 of the Dungeon.
You worshipped Trog.
Trog was pleased with you.
You visited 1 branch of the dungeon, and saw 5 of its levels.

You collected 253 gold pieces.

Inventory:

Hand Weapons
 a - a +0 mace
 u - a +0 flail of holy wrath (weapon)
Missiles
 o - a javelin
Armour
 m - a +1 chain mail (worn)
Wands
 n - a wand of digging (5)
 p - a wand of paralysis (12) (quivered)
 r - a wand of acid (7)
Scrolls
 d - 6 scrolls of teleportation
 f - a scroll of noise {unknown}
 g - a scroll of enchant armour
 h - a scroll of fear {unknown}
 l - a scroll of immolation {unknown}
 q - a scroll of enchant weapon {unknown}
 t - a scroll of vulnerability {unknown}
Potions
 c - a potion of curing
 e - a potion of lignification
 k - a potion of flight
 v - a potion of invisibility {unknown}


   Skills:
 + Level 5.3 Fighting
 + Level 7.9 Maces & Flails
 - Level 0.1 Throwing
 + Level 5.0 Armour
 * Level 3.7 Dodging
 - Level 1.1 Stealth


You had 6 spell levels left.
You didn't know any spells.
Your spell library was empty.

Dungeon Overview and Level Annotations

Branches:
Dungeon (5/15)
 Temple: D:4-7

Altars:
Trog
Uskayaw


Innate Abilities, Weirdness & Mutations

You have a pair of horns on your head.
You reflexively headbutt those who attack you in melee.
You are weak. (Str -2)


Message History

Found a stone staircase leading up.
The wight moves out of view. 2 wights come into view.
The wight misses you.
You're still recovering from your berserk rage.
You closely miss the wight.
You headbutt the wight, but do no damage.
You feel yourself speed up.
The wight hits you with a +4 dire flail.
The wight barely misses you. The wight completely misses you.
The wight hits you with a +0 falchion.
You feel drained.
You closely miss the wight. You headbutt the wight.
The wight is lightly damaged.
The wight barely misses you. You furiously retaliate!
You headbutt the wight!
The wight hits you with a +4 dire flail!
You feel drained. The wight hits you with a +0 falchion.
You feel drained.
You hit the wight but do no damage.
The wight is heavily damaged.
The wight hits you with a +4 dire flail!
The wight hits you with a +0 war axe. The wight hits you with a +0 falchion!
* * * LOW HITPOINT WARNING * * *
You're still recovering from your berserk rage.
You feel much better. The wight hits you but does no damage.
The wight barely misses you. The wight hits you but does no damage.
Okay, then.
You hit the wight.
The wight convulses.
The wight is almost destroyed.
The wight closely misses you. The wight hits you with a +0 war axe!
You feel drained. The wight hits you with a +0 falchion.
You completely miss the wight.
The wight is almost destroyed.
The wight hits you with a +4 dire flail!
* * * LOW HITPOINT WARNING * * *
The wight hits you with a +0 war axe.
* * * LOW HITPOINT WARNING * * *
The wight misses you. You furiously retaliate!
You headbutt the wight!
You are confused.
You feel invigorated. The wight hits you with a +0 war axe!
* * * LOW HITPOINT WARNING * * *
You feel drained.
You die...

.........#.#.....###.####
.........8#.....## #.###
................####...#
.......................##
.........................
##......................
##..(...................
.............)......##..
....##.@.....)#....## ..
......zzz.........## ..
........##...##...#
.......#####..#..##
....... ..#..## ..##...
#..#... . ..... #......<
..### #...#.##


You could see 3 wights.

Vanquished Creatures
  Edmund (D:5)
  A necrophage (D:4)
  A phantom (D:5)
  A water moccasin skeleton (D:5)
  2 wights (D:5)
  A howler monkey (D:4)
  An orc priest (D:3)
  A hound (D:4)
  A jelly (D:5)
  An iguana (D:5)
  A hound zombie (D:5)
  Robin (D:4)
  A howler monkey skeleton (D:4)
  5 adders
  An ufetubus (D:4)
  3 worms
  3 dart slugs
  9 orcs
  7 bats
  7 endoplasms
  5 giant cockroaches
  16 goblins
  5 hobgoblins
  3 jackals (D:2)
  3 quokkas
  7 ball pythons
  3 frilled lizards
  3 kobolds
  4 rats
98 creatures vanquished.

Notes
Turn   | Place    | Note
-------+----------+-------------------------------------------
     0 | D:1      | Gatito the Minotaur Berserker began the quest for the Orb.
     0 | D:1      | Reached XP level 1. HP: 19/19 MP: 0/0
   236 | D:1      | Found a faded altar of an unknown god.
   275 | D:1      | Reached XP level 2. HP: 27/27 MP: 1/1
   524 | D:1      | Reached skill level 4 in Maces & Flails
  1615 | D:2      | Found a bloodstained altar of Trog.
  1635 | D:2      | Reached XP level 3. HP: 33/33 MP: 2/2
  2620 | D:3      | Reached skill level 5 in Maces & Flails
  2620 | D:3      | Reached XP level 4. HP: 40/40 MP: 3/3
  2792 | D:3      | Reached ** piety under Trog
  2926 | D:3      | Found a hide-covered altar of Uskayaw.
  3573 | D:4      | Reached skill level 1 in Stealth
  3977 | D:4      | Reached XP level 5. HP: 46/46 MP: 4/4
  4074 | D:4      | Noticed a necrophage
  4086 | D:4      | Killed a necrophage
  4087 | D:4      | Reached skill level 6 in Maces & Flails
  4193 | D:4      | Reached XP level 6. HP: 55/55 MP: 5/5
  4411 | D:4      | Noticed Robin
  4434 | D:4      | Killed Robin
  5119 | D:5      | Entered Level 5 of the Dungeon
  5127 | D:5      | Reached skill level 5 in Fighting
  5193 | D:5      | Noticed Edmund
  5211 | D:5      | Killed Edmund
  5212 | D:5      | Reached skill level 7 in Maces & Flails
  5224 | D:5      | Reached XP level 7. HP: 34/61 MP: 6/6
  5553 | D:5      | Gained mutation: You have sharp toenails. [potion of
                  | mutation]
  5553 | D:5      | Gained mutation: You are robust. (+10% HP) [potion of
                  | mutation]
  5579 | D:5      | Lost mutation: You are robust. (+10% HP) [potion of
                  | mutation]
  5579 | D:5      | Lost mutation: You have sharp toenails. [potion of
                  | mutation]
  5579 | D:5      | Gained mutation: You are weak. (Str -2) [potion of
                  | mutation]
  5579 | D:5      | Gained mutation: You sometimes lose the ability to read
                  | scrolls when taking damage. [potion of mutation]
  5579 | D:5      | Gained mutation: Your system is resistant to poisons.
                  | (rPois) [potion of mutation]
  5582 | D:5      | Lost mutation: You sometimes lose the ability to read
                  | scrolls when taking damage. [potion of mutation]
  5582 | D:5      | Lost mutation: Your system is resistant to poisons. (rPois)
                  | [potion of mutation]
  5615 | D:5      | Reached skill level 5 in Armour
  5646 | D:5      | Slain by a wight

Illustrated notes

Levels and vault maps discovered:
D:1:      scummos_arrival_star, layout_basic, basic_ecumenical_altar
D:2:      layout_basic, basic_altar
D:3:      layout_basic, mainiacjoe_overflow_paths
D:4:      layout_loops_corners, uniq_robin
D:5:      layout_cave_pools, minmay_statues_item,
          amcnicky_mini_rare_corridor_liquid, hangedman_abyss_or_decor_stabs,
          uniq_edmund

Skill      XL: |  1  2  3  4  5  6  7 |
---------------+----------------------+-----
Fighting       | 4 5 |  5.3
Maces & Flails | 4 5 6 7 |  7.9
Armour         | 3 4 5 |  5.0
Stealth        | 1 |  1.1
Dodging        | 3 |  3.7
Throwing       | |  0.1

Action                   |  1- 3 |  4- 6 |  7- 9 || total
-------------------------+-------+-------+-------++-------
Melee: Mace              |    82 |   120 |    10 ||   212
       Headbutt          |     5 |    22 |     6 ||    33
       Punch             |       |     3 |     1 ||     4
       Flail             |       |       |    12 ||    12
Throw: Javelin           |       |     2 |       ||     2
Invok: Berserk           |     2 |     3 |     1 ||     6
Evoke: Wand              |       |     1 |     1 ||     2
  Use: Scroll            |       |     2 |     3 ||     5
       Potion            |       |       |     7 ||     7
 Stab: Sleeping          |     1 |       |       ||     1
       Paralysed         |       |     2 |       ||     2
Armor: Animal skin       |    11 |       |       ||    11
       Leather armour    |     3 |       |       ||     3
       Ring mail         |     6 |     3 |       ||     9
       Chain mail        |       |    49 |     8 ||    57
Dodge: Dodged            |    52 |    50 |    11 ||   113
